 Dungeon Sprint DCSS version 0.31.0-12-g77e489cdc1 (webtiles) character file.

Game seed: 5658723061815246478

48 Heoruswealwe the Poker (level 3, -1/36 HPs)
             Began as a Minotaur Fighter on Feb 21, 2024.
             Incinerated by a bombardier beetle (4 damage)
             ... with a burning spray
             ... in the Dungeon (Sprint IX: "|||||||||||||||||||||||||||||").
             The game lasted 00:00:44 (40 turns).

Heoruswealwe the Poker (Minotaur Fighter)             Turns: 40, Time: 00:00:44

Health: -1/36      AC:  7    Str: 22    XL:     3   Next: 50%
Magic:  2/2        EV:  9    Int:  5    God:
Gold:   0          SH:  4    Dex:  9    Spells: 2/2 levels left

rFire   . . .        a - +0 trident
rCold   . . .        d - +0 buckler
rNeg    . . .        c - +0 scale mail
rPois   .            (helmet restricted)
rElec   .            (no cloak)
rCorr   .            (no gloves)
SInv    .            (no boots)
Will    .....        (no amulet) Stlth
                     (no ring)
HPRegen 0.26/turn    (no ring)
MPRegen 0.08/turn

%: no teleportation
@: on fire, weakened, glowing
A: horns 2, retaliatory headbutt
a: no special abilities


You were in the Dungeon.
You visited 1 branch

Inventory:

Hand Weapons
 a - a +0 trident (weapon)
Armour
 c - a +0 scale mail (worn)
 d - a +0 buckler (worn)
Scrolls
 j - a scroll of blinking
Potions
 b - a potion of might
 g - a potion of haste
 h - 2 potions of magic
 i - a potion of berserk rage


   Skills:
 + Level 5.5 Fighting
 * Level 6.3 Polearms
 + Level 5.5 Armour
 - Level 3.6 Shields


You had 2 spell levels left.
You didn't know any spells.
Your spell library was empty.

Dungeon Overview and Level Annotations

Branches:
Dungeon (1/1)

Altars:


Innate Abilities, Weirdness & Mutations

You have a pair of horns on your head.
You reflexively headbutt those who attack you in melee.


Message History

The bombardier beetle closely misses you.
You furiously retaliate!
You headbutt the bombardier beetle!
You kill the bombardier beetle!
Your Fighting skill increases to level 5!
Your Polearms skill gained 2 levels and is now at level 6!
Your Armour skill increases to level 5!
You have reached level 3!
Your experience leads to an increase in your attributes!
Increase (S)trength, (I)ntelligence, or (D)exterity?
You feel stronger. x2
You shake off some of the fire as you move.
The liquid fire burns you!
* * * LOW HITPOINT WARNING * * *
The gnoll bouda hits you but does no damage.
You hit the gnoll bouda.
The gnoll bouda is moderately wounded.
The liquid fire burns you!
* * * LOW HITPOINT WARNING * * *
The gnoll bouda barely misses you.
You puncture the gnoll bouda! Your headbutt misses the gnoll bouda.
The gnoll bouda is severely wounded.
The liquid fire burns you!
* * * LOW HITPOINT WARNING * * *
The gnoll bouda hits you with a +0 club.
* * * LOW HITPOINT WARNING * * *
You feel better. The liquid fire burns you!
* * * LOW HITPOINT WARNING * * *
The gnoll bouda hits you with a +0 club.
* * * LOW HITPOINT WARNING * * *
You barely miss the gnoll bouda.
The gnoll bouda is severely wounded.
The liquid fire burns you!
* * * LOW HITPOINT WARNING * * *
The gnoll bouda barely misses you. You furiously retaliate!
You headbutt the gnoll bouda. You barely miss the gnoll bouda.
The gnoll bouda is almost dead.
The liquid fire burns you!
You die... ▓▓▓▓▓▓▓▓▓▓▓▓▓▓▓▓▓▓ +.osg@'....)†...<▓ ▓▓▓▓▓▓▓▓▓▓▓▓▓▓▓▓▓▓

You could see a gnoll bouda, a scorpion and an orc.

Vanquished Creatures
  A bombardier beetle (D)
  A shadow imp (D)
  2 ball pythons (D)
  An endoplasm (D)
  A giant cockroach (D)
  A goblin (D)
7 creatures vanquished.

Notes
Turn   | Place    | Note
-------+----------+-------------------------------------------
     0 | D        | Heoruswealwe the Minotaur Fighter began the quest for the
                  | Orb.
     0 | D        | Reached XP level 1. HP: 19/19 MP: 0/0
     6 | D        | Reached skill level 3 in Polearms
    12 | D        | Reached skill level 4 in Polearms
    17 | D        | Noticed a scorpion
    17 | D        | Noticed a gnoll bouda
    17 | D        | Noticed a bombardier beetle
    26 | D        | Reached XP level 2. HP: 23/28 MP: 1/1
    34 | D        | Killed a bombardier beetle
    35 | D        | Reached skill level 5 in Fighting
    35 | D        | Reached skill level 6 in Polearms
    35 | D        | Reached skill level 5 in Armour
    35 | D        | Reached XP level 3. HP: 15/36 MP: 2/2
    40 | D        | Incinerated by a bombardier beetle

Illustrated notes

Levels and vault maps discovered:
D:        linesprint [early_d, line_temple, items_1, d_10, items_2, lair_1,
          lair_end, items_3, orc_1, orc_end, items_4, d_15, swamp_1, shoals_1,
          snake_1, spider_1, d_20, vaults_1, items_5, swamp_end, shoals_end,
          snake_end, spider_end, vaults_end, d_27, items_6, zot_1, zot_end,
          crypt_end, forest_end, elf_end, slime_end, tomb_end, abyss_end,
          pan_hell_end]

Skill      XL: |  1  2 |
---------------+-------+-----
Polearms       | 4 6 |  6.3
Fighting       | 4 5 |  5.5
Armour         | 4 5 |  5.5
Shields        | |  3.6

Action                     || total
---------------------------++-------
  Melee: Trident           ||    26
         Headbutt          ||     4
    Use: Potion            ||     2
 Armour: Scale mail        ||    12
  Dodge: Dodged            ||    11
  Block: Buckler           ||     4
